 Dungeon Crawl Stone Soup version 0.17-a0-1636-g3119f2b (webtiles) character file.

132 PoeticJustice the Poker (level 4, -8/38 HPs)
             Began as a Draconian Skald on Aug 6, 2015.
             Was a Believer of Lugonu.
             Killed from afar by Natasha (12 damage)
             ... with a wand of frost
             ... on level 3 of the Dungeon.
             The game lasted 00:17:05 (2363 turns).

PoeticJustice the Poker (Draconian Skald)           Turns: 2363, Time: 00:17:07

Health: -8/38      AC:  7    Str: 16      XL:     4   Next: 92%
Magic:  6/8        EV: 11    Int: 12      God:    Lugonu [**....]
Gold:   200        SH:  3    Dex:  5 (10) Spells: 3 memorised, 4 levels left

rFire  . . .     SeeInvis .     a - +1 spear
rCold  . . .     Clarity  .     (armour unavailable)
rNeg   + . .     SustAt   .     e - +0 buckler
rPois  .         Gourm    .     d - +2 hat
rElec  .         Spirit   .     (no cloak)
rCorr  .         Warding  .     (no gloves)
rMut   .         Stasis   .     (no boots)
MR     .....                    (no amulet)
Stlth  +.........               (no ring)
                                h - ring of positive energy

@: slowed, very slow, not resistant to hostile enchantments, very unstealthy
A: unfitting armour, cold-blooded, AC +5
a: Depart the Abyss, Bend Space, Renounce Religion


You were on level 3 of the Dungeon.
You worshipped Lugonu.
Lugonu was pleased with you.
You were not hungry.

You visited 1 branch of the dungeon, and saw 3 of its levels.

You collected 200 gold pieces.

Inventory:

Hand weapons
 a - a +1 spear (weapon)
Armour
 d - a +2 hat (worn)
 e - a +0 buckler (worn)
Jewellery
 h - a ring of positive energy (left hand)
 p - a +3 ring of evasion {unknown}
Scrolls
 i - 3 scrolls of blinking
 m - 2 scrolls of recharging {unknown}
 q - 2 scrolls of identify {unknown}
 r - a scroll of remove curse {unknown}
 s - a scroll of immolation {unknown}
Potions
 f - 2 potions of lignification {unknown}
 g - a potion of agility {unknown}
 k - a potion of degeneration {unknown}
 l - 2 potions of invisibility {unknown}
 o - a potion of poison {unknown}
Books
 b - a book of Battle

   Spells                             Type                      Level
   a - Infusion                       Charms                       1
   b - Shroud of Golubria             Charms/Translocation         2
   c - Song of Slaying                Charms                       2
   d - Spectral Weapon                Hexes/Charms                 3
   e - Regeneration                   Charms/Necromancy            3
Comestibles
 c - 3 bread rations
 j - 3 chunks of flesh
 n - 2 royal jellies


   Skills:
 - Level 3.0 Fighting
 - Level 3.1 Polearms
 - Level 1.3 Dodging
 * Level 2.2 Shields
 - Level 3.0 Spellcasting
 - Level 2.6 Charms


You had 4 spell levels left.
You knew the following spells:

 Your Spells              Type           Power        Failure   Level  Hunger
a - Infusion              Chrm           #.....       12%         1    #......
b - Song of Slaying       Chrm           #.......     17%         2    ###....
c - Shroud of Golubria    Chrm/Tloc      #.........   28%         2    ###....


Dungeon Overview and Level Annotations

Branches:
Dungeon (3/15)

Altars:
Lugonu

Annotations:
D:3 Natasha


Innate Abilities, Weirdness & Mutations

Your plain brown scales are hard (AC +5).
Your body does not fit into most forms of armour.
You are cold-blooded and may be slowed by cold attacks.


Message History

The magic dart hits you!
* * * LOW HITPOINT WARNING * * *
You completely miss Natasha.
Natasha is heavily wounded.
You are no longer magically infusing your attacks.
You block the crimson imp's attack. Natasha claws you.
* * * LOW HITPOINT WARNING * * *
The crimson imp hits you but does no damage.
You hit Natasha.
Natasha is severely wounded.
Natasha zaps a wand.
The puff of frost hits you!
* * * LOW HITPOINT WARNING * * *
The crimson imp misses you.
You barely miss Natasha.
Natasha is severely wounded.
Natasha mumbles some strange words.
You feel troubled. Natasha closely misses you.
The crimson imp closely misses you.
Natasha zaps a wand.
The puff of frost hits you!
You die...

#..........#..###.....##########.
#.....................'..).......
...^...###.##..##.....##.#######.
###.#.## #.###.##...(.##.# #.
#...#.# #.# #.#########.# ##
#.#...####.# #..# #.#
#.#........# ##.# #.#
#...######## #5## ... .<#...#
#.@# ... #####.# ##h# ...)..# #5#
.###### #.# .#### ?.. ....# ...
....# .... ....# #.... ....#


You could see Natasha and 2 crimson imps.

Vanquished Creatures
  A quasit (D:3)
  Natasha (D:3)
  2 adders
  2 giant geckos (D:2)
  An orc (D:3)
  2 ball pythons (D:1)
  3 giant cockroaches
  8 hobgoblins
  4 jackals (D:2)
  7 kobolds
  A quokka (D:3)
  6 bats
  5 giant newts
  9 goblins
  7 rats
59 creatures vanquished.

Notes
Turn   | Place    | Note
--------------------------------------------------------------
     0 | D:1      | PoeticJustice the Draconian Skald began the quest for the Orb.
     0 | D:1      | Reached XP level 1. HP: 17/17 MP: 3/3
   104 | D:1      | Reached XP level 2. HP: 14/24 MP: 5/5
   336 | D:1      | Reached skill level 3 in Polearms
   524 | D:1      | Learned a level 2 spell: Song of Slaying
  1122 | D:2      | Reached XP level 3. HP: 16/30 MP: 6/6
  1364 | D:2      | Found a faded altar to an unknown god.
  1373 | D:2      | Became a worshipper of Lugonu the Unformed
  1373 | D:2      | Acquired Lugonu's first power
  1373 | D:2      | Acquired Lugonu's second power
  1673 | D:3      | Reached XP level 4. HP: 2/38 MP: 4/8
  1957 | D:3      | Learned a level 2 spell: Shroud of Golubria
  2078 | D:3      | Reached skill level 1 in Shields
  2209 | D:3      | Noticed Natasha
  2220 | D:3      | Killed Natasha
  2346 | D:3      | Noticed Natasha
  2363 | D:3      | Killed from afar by Natasha

Vault maps used:
D:1:      dpeg_arrival_round_b, corexii_corridor_pit, minmay_vboxes
D:2:      first_bread, ecumenical_altar_1
D:3:      uniq_natasha

Action                   |  1- 3 |  4- 6 || total
-------------------------+-------+-------++-------
Melee: Spear             |   189 |    99 ||   288
 Cast: Infusion          |     6 |     1 ||     7
       Song of Slaying   |     1 |       ||     1
  Use: Scroll            |     5 |       ||     5
  Eat: Chunk             |     3 |     2 ||     5
